 Dungeon Crawl Stone Soup version 0.28-a0-1339-ga5422284a4 (webtiles) character file.

Game seed: 15729368950698324080

2464 wakim the Summoner (level 9, -2/34 HPs)
             Began as a Felid Summoner on Dec 28, 2021.
             Was an Initiate of Gozag.
             Killed by an exploding themself (36 damage)
             ... ignited by their inner flame
             ... on level 9 of the Dungeon.
             The game lasted 00:53:09 (11688 turns).

wakim the Summoner (Felid Summoner)                Turns: 11688, Time: 00:53:09

Health: -2/34      AC:  2    Str:  4    XL:     9   Next: 26%
Magic:  4/16       EV: 17    Int: 22    God:    Gozag
Gold:   983        SH:  0    Dex: 16    Spells: 0/16 levels left
                                        Lives:  0   Deaths: 3

rFire   . . .      SeeInvis +   (weapon unavailable)
rCold   . . .      Faith    .   (shield unavailable)
rNeg    . . .      Spirit   .   (armour unavailable)
rPois   +          Reflect  .   (helmet unavailable)
rElec   .          Harm     .   (cloak unavailable)
rCorr   .          Rampage  .   (gloves unavailable)
Will    +....                   (boots unavailable)
Stlth   ++........              W - amulet of regeneration
HPRegen 0.91/turn               e - ring of wizardry
MPRegen 0.15/turn               Y - ring of poison resistance

@: quick
A: very small, claws 1, fangs 3, see invisible, speed 1, shaggy fur 2, stealthy
paws, no weapons or thrown items, no armour, multi-lived
a: Renounce Religion, Potion Petition, Call Merchant, Bribe Branch


You were on level 9 of the Dungeon.
You worshipped Gozag.
Gozag was pleased with you.
You visited 2 branches of the dungeon, and saw 10 of its levels.

You collected 1345 gold pieces.
You spent 308 gold pieces at shops.
You paid 54 gold pieces to Gozag.

Inventory:

Jewellery
 e - a ring of wizardry (left paw)
 V - a ring of protection from cold
 W - an amulet of regeneration (around neck)
 Y - a ring of poison resistance (right paw)
Wands
 t - a wand of digging (15)
 v - a wand of flame (26)
 x - a wand of iceblast (13)
 y - a wand of paralysis (7)
Scrolls
 R - a scroll of magic mapping {!r}
 T - 2 scrolls of teleportation
 X - 4 scrolls of fog
 Z - a scroll of enchant armour {unknown}
Potions
 c - 2 potions of lignification {unknown}
 g - 2 potions of degeneration {unknown}
 h - 3 potions of mutation {unknown}
 l - 3 potions of flight {unknown}
 F - 4 potions of curing
 H - 3 potions of haste
 J - 3 potions of heal wounds
 N - 3 potions of might
Miscellaneous
 m - a phantom mirror


   Skills:
 - Level 2.6 Dodging
 - Level 2.6 Stealth
 - Level 4.0 Spellcasting
 - Level 5.0 Hexes
 + Level 11.7 Summonings
 + Level 2.3 Translocations
 * Level 8.8 Air Magic


You couldn't memorise any spells.
You knew the following spells:

 Your Spells              Type           Power      Damage    Failure   Level
a - Summon Small Mammal   Summ           100%       N/A       1%          1
b - Summon Guardian Gole  Hex/Summ       41%        N/A       1%          3
c - Call Canine Familiar  Summ           54%        N/A       1%          3
v - Passage of Golubria   Tloc           14%        N/A       17%         4
x - Call Imp              Summ           54%        N/A       1%          2
z - Summon Lightning Spi  Summ/Air       49%        N/A       1%          4

Your spell library contained the following spells:

 Spells                   Type           Power      Damage    Failure   Level
 Apportation              Tloc           28%        N/A       1%          1
 Static Discharge         Conj/Air       23%        N/A       1%          2
 Sandblast                Erth           8%         2d5       4%          1
 Passwall                 Tmut/Erth      3%         N/A       7%          2
 Silence                  Hex/Air        17%        N/A       8%          5
 Stone Arrow              Conj/Erth      8%         3d7       13%         3
 Lightning Bolt           Conj/Air       11%        1d24      21%         5
 Alistair's Intoxication  Tmut/Pois      2%         N/A       73%         5
 Lehudib's Crystal Spear  Conj/Erth      2%         10d2      100%        8
 Maxwell's Capacitive Co  Air            21%        ∞         100%        8


Dungeon Overview and Level Annotations

Branches:
Dungeon (9/15)             Temple (1/1) D:5            Lair (0/6) D:9
    Orc: D:9-12

Altars:
Ashenzari
Cheibriados
Dithmenos
Elyvilon
Fedhas
Gozag
Hepliaklqana
Kikubaaqudgha
Makhleb
Nemelex Xobeh
Okawaru
Qazlal
Sif Muna
Trog
Uskayaw
Vehumet
Wu Jian
Xom
Yredelemnul
Zin
The Shining One

Shops:
D:4 *:[


Innate Abilities, Weirdness & Mutations

You have sharp claws.
You have razor-sharp teeth.
You have supernaturally acute eyesight. (SInv)
You cover ground quickly. (Speed+)
You are covered in thick fur. (AC +2)
Your paws help you pounce on unaware monsters.
You are incapable of wielding weapons or throwing items.
You cannot wear armour.
You gain extra lives every three experience levels.


Message History

What are your orders? t - Meow!
Orders for allies: a - Attack new target. r - Retreat! s - Stop attacking. g - Guard the area. f - Follow me.
Anything else - Cancel.
Gang up on whom?
Press: ? - help, Dir - move target, f - centaur warrior
Aim: a centaur warrior, wielding a +0 shortbow and quivering arrows (lightly wounded, ally target) Attack!
The centaur warrior shoots an arrow.
The arrow hits your wolf!!
You swap places.
There is an open door here.
Casting: Summon Guardian Golem (safe; 1% risk of failure)
Confirm with . or Enter, or press ? or * to list all spells.
An electric hum fills the air.
The centaur warrior shoots an arrow.
The arrow completely misses your wolf. The arrow completely misses you.
Something hits your wolf.
Your wolf dies!
Your wolf's corpse disappears in a puff of smoke!
Your lightning spire shoots out a bolt of lightning at the centaur warrior!
The bolt of electricity hits your guardian golem.
Your guardian golem resists.
The bolt of electricity hits the centaur warrior!
The centaur warrior wields a +0 shortbow.
The centaur warrior shoots an arrow.
The arrow hits your guardian golem!
Your lightning spire shoots out a bolt of lightning at the centaur warrior!
The bolt of electricity hits your guardian golem.
Your guardian golem resists.
The bolt of electricity hits the centaur warrior!
Your guardian golem overheats!
The centaur warrior shoots an arrow.
The arrow hits your guardian golem!!
Your guardian golem disappears in a puff of smoke!
Your guardian golem explodes!
The fiery explosion engulfs the centaur warrior!!
The fiery explosion engulfs your lightning spire.
Your lightning spire resists.
The fiery explosion engulfs you!!!
Ouch! That really hurt!
You die...
Your body crumbles into a pile of gold.

....)....#####.....<..(..#
.....)...# #######.#####
####)##### #..### #.####
##...# #....# ###.#
#######.### ########'###
..........# ###8.........#
..........####c§§.........#
.....ccc.c..h..#@.........#
..........######..........#
..........# #..........#
..........# #..........#
.....9....# #..........#
#####c##### #..........#
#.# #####'###### #c# #.####
#####.## #....#


You could see a centaur warrior (ally target) and a friendly lightning spire
(summoned, sheltered).

Vanquished Creatures
  A ball python (D:4)
  A bat (D:2)
2 creatures vanquished.

Vanquished Creatures (collateral kills)
  Erica (D:8)
  2 hornets
  A wraith (D:7)
  6 yaks (D:8)
  A wyvern (D:7)
  Menkaure (D:7)
  Duvessa (D:4)
  A water moccasin (D:6)
  3 black bears (D:7)
  6 orc warriors
  2 ice beasts (D:7)
  A hornet zombie (D:7)
  The ghost of Subbak the Skirmisher, an amateur FoAK of Lugonu (D:3)
  3 ogres
  2 centaurs (D:9)
  3 bullfrogs
  3 scorpions
  A wyvern skeleton (D:6)
  Dowan (D:4)
  A water moccasin skeleton (D:4)
  A wight (D:7)
  3 howler monkeys (D:7)
  2 centaur zombies
  2 jellies
  An orc priest (D:3)
  2 iguanas (D:5)
  3 orc wizards
  2 scorpion zombies (D:5)
  5 adders
  7 gnolls
  3 shadow imps
  A white imp (D:7)
  A worm (D:2)
  3 dart slugs
  21 orcs
  9 ball pythons
  6 endoplasms
  A giant cockroach (D:4)
  7 goblins
  5 hobgoblins
  3 jackals (D:5)
  2 kobolds (D:1)
  2 quokkas (D:2)
  9 bats
  4 frilled lizards
  8 rats
154 creatures vanquished.

Vanquished Creatures (others)
  A steam dragon (D:6)
  An ogre (D:5)
2 creatures vanquished.

Grand Total: 158 creatures vanquished

Notes
Turn   | Place    | Note
-------+----------+-------------------------------------------
     0 | D:1      | wakim the Felid Summoner began the quest for the Orb.
     0 | D:1      | Reached XP level 1. HP: 7/7 MP: 4/4
   463 | D:1      | Found a faded altar of an unknown god.
   515 | D:1      | Reached XP level 2. HP: 6/11 MP: 4/6
  1507 | D:1      | Learned a level 2 spell: Call Imp
  1743 | D:2      | Reached XP level 3. HP: 14/14 MP: 5/8
  2437 | D:3      | Found a transporter.
  2442 | D:3      | Learned a level 3 spell: Call Canine Familiar
  2443 | D:3      | Found a transporter.
  2443 | D:3      | Noticed Subbak's ghost (amateur FoAK)
  2444 | D:3      | Noticed an ogre
  2445 | D:3      | Noticed an ogre
  2748 | D:3      | Reached skill level 5 in Summonings
  2748 | D:3      | Reached XP level 4. HP: 18/18 MP: 6/10
  2962 | D:3      | You fall into a shaft and drop 2 floors!
  2962 | D:5      | Entered Level 5 of the Dungeon
  2962 | D:5      | Found a staircase to the Ecumenical Temple.
  2971 | D:5      | Learned a level 3 spell: Summon Guardian Golem
  2999 | Temple   | Entered the Ecumenical Temple
  3141 | Temple   | Became a worshipper of Gozag Ym Sagoz the Greedy
  3175 | D:4      | Noticed a scorpion
  3233 | D:5      | Reached XP level 5. HP: 21/21 MP: 6/11
  3429 | D:5      | Reached skill level 6 in Summonings
  3502 | D:5      | Gained mutation: You are covered in thick fur. (AC +2)
                  | [Felid growth]
  3502 | D:5      | Reached XP level 6. HP: 24/24 MP: 13/13
  3512 | D:5      | Learned a level 4 spell: Summon Lightning Spire
  3657 | D:5      | Reached skill level 1 in Hexes
  4112 | D:4      | Noticed Duvessa
  4112 | D:4      | Noticed Dowan
  4370 | D:4      | Reached XP level 7. HP: 22/27 MP: 6/14
  4583 | D:4      | Reached skill level 7 in Summonings
  4873 | D:4      | Reached skill level 5 in Hexes
  4873 | D:4      | Reached skill level 1 in Air Magic
  5091 | D:4      | Found Yjimil's Assorted Antiques.
  5091 | D:4      | Found Dipatij's Book Shop.
  5092 | D:4      | Found Cisyn's Armour Emporium.
  5096 | D:4      | Bought a fuming cyan potion for 28 gold pieces
  5096 | D:4      | Bought a scroll labelled LATIRIR ZIEN for 32 gold pieces
  5096 | D:4      | Bought a puce potion for 28 gold pieces
  5096 | D:4      | Bought a scroll labelled CUINNU QAGIACO for 32 gold pieces
  5096 | D:4      | Bought a fluorescent wand for 128 gold pieces
  5096 | D:4      | Bought a viscous black potion for 28 gold pieces
  5096 | D:4      | Bought a scroll labelled OQALYH UGOJIH for 32 gold pieces
  5575 | D:4      | Killed Dowan
  5607 | D:4      | Slain by Duvessa
  5608 | D:4      | Reached XP level 6. HP: -1/24 MP: 1/13
  6064 | D:6      | Noticed an orc warrior
  6423 | D:6      | Noticed a steam dragon
  6630 | D:6      | Killed from afar by a steam dragon
  6631 | D:6      | Reached XP level 5. HP: -6/21 MP: 9/12
  6648 | D:6      | HP: 1/21 [steam dragon/ball of steam (17)]
  6653 | D:6      | Killed a steam dragon
  6654 | D:6      | Reached XP level 6. HP: 5/24 MP: 5/13
  6761 | D:6      | Noticed a water moccasin
  6784 | D:6      | Killed a water moccasin
  6785 | D:6      | Reached skill level 8 in Summonings
  6786 | D:6      | Reached XP level 7. HP: 27/27 MP: 3/14
  8158 | D:7      | Found a transporter.
  8158 | D:7      | Found an ancient bone altar of Kikubaaqudgha.
  8159 | D:7      | Noticed Menkaure
  8182 | D:7      | Found a transporter.
  8184 | D:7      | Noticed a wraith
  8359 | D:7      | Reached skill level 9 in Summonings
  8359 | D:7      | Reached XP level 8. HP: 31/31 MP: 9/15
  8365 | D:7      | Reached skill level 5 in Air Magic
  8444 | D:7      | Found a basalt altar of Yredelemnul.
  8495 | D:7      | Found a bloodstained altar of Trog.
  9227 | D:4      | Killed Duvessa
  9406 | D:3      | Killed Subbak's ghost
  9410 | D:3      | Reached skill level 10 in Summonings
  9648 | D:7      | Killed Menkaure
  9649 | D:7      | Reached XP level 9. HP: 34/34 MP: 9/16
 10132 | D:8      | Reached skill level 11 in Summonings
 10281 | D:8      | Identified the +2 robe of the Weaver {*Corrode rC+ SInv}
 10386 | D:8      | Noticed Erica
 10404 | D:8      | Killed Erica
 10405 | D:8      | Reached XP level 10. HP: 37/37 MP: 12/17
 10496 | D:8      | Learned a level 4 spell: Passage of Golubria
 10578 | D:9      | Found a white marble altar of Elyvilon.
 10588 | D:9      | Reached skill level 1 in Translocations
 11103 | D:9      | Identified the +7 spear "Pepemyrph" {antimagic, Dex+4}
 11203 | D:9      | Found a staircase to the Lair.
 11429 | D:9      | Noticed a centaur warrior
 11594 | D:9      | Shot with an arrow by a centaur warrior
 11595 | D:9      | Reached XP level 9. HP: 0/34 MP: 13/16
 11688 | D:9      | Killed by an exploding themself... ignited by their inner
                  | flame

Illustrated notes

Levels and vault maps discovered:
D:1:      dpeg_chamrin_arrival_tetris, layout_loops_ring,
          ebering_ecumenical_altar_hall
D:2:      layout_loops_ring
D:3:      layout_loops_corners, gammafunk_ghost_smash
D:4:      layout_layer_cave, nicolae_wooded_promenade, st_stairs_3, uniq_duvessa
D:5:      layout_loops_ring, minmay_temple_entry_slanted
D:6:      layout_loops_cross, st_stairs_14
D:7:      layout_basic, gammafunk_temple_of_torment, trog_ov_bears_minmay,
          serial_curves, eino_curves_01, eino_curves_02
D:8:      layout_basic, uniq_erica
D:9:      layout_roguey, elyvilon_altar_5, lair_entry_dummy, skrybe_limestone_x,
          minivault_11
Temple:   regret_index_temple_mists

Skill      XL: |  1  2  3  4  5  6  7  8  9 10 |
---------------+-------------------------------+-----
Spellcasting   | 3 4 |  4.0
Summonings     | 5 6 8 9 10 11 | 11.7
Hexes          | 4 5 |  5.0
Air Magic      | 3 4 6 8 |  8.8
Translocations | 2 |  2.3
Dodging        | |  2.6
Stealth        | |  2.6

Action                   |  1- 3 |  4- 6 |  7- 9 | 10-12 || total
-------------------------+-------+-------+-------+-------++-------
Melee: Unarmed           |     5 |     1 |     9 |     2 ||    17
       Bite              |       |       |     1 |       ||     1
 Cast: Summon Small Mamm |    54 |    11 |     6 |     1 ||    72
       Call Imp          |    15 |     6 |     7 |       ||    28
       Call Canine Famil |     4 |    36 |    43 |     8 ||    91
       Summon Guardian G |       |     2 |     3 |     4 ||     9
       Summon Lightning  |       |     1 |    20 |     9 ||    30
  Use: Scroll            |       |     8 |     4 |       ||    12
Armor: Skin              |     7 |       |       |       ||     7
Dodge: Dodged            |    64 |    20 |    20 |    11 ||   115

Table legend: (Time is in decaauts)
 A = Elapsed time spent in this place.
 B = Non-inter-level travel time spent in this place.
 C = Inter-level travel time spent in this place.
 D = Time resting spent in this place.
 E = Time spent auto-exploring this place.
 F = Levels seen in this place.
 G = Mean time per level.
                   A        B        C        D        E       F      G
               +--------+--------+--------+--------+--------+-----+--------+
         Total |  10269 |   9820 |    449 |    887 |   5095 |  10 | 1026.9 |
       Dungeon |  10081 |   9654 |    427 |    887 |   4952 |   9 | 1120.1 |
        Temple |    188 |    166 |     22 |      0 |    142 |   1 |  188.0 |
               +--------+--------+--------+--------+--------+-----+--------+

Top non-repeatable levels by time:
     D:4: 1457 daAuts
     D:7: 1450 daAuts
     D:6: 1441 daAuts
     D:1: 1423 daAuts
     D:5: 1133 daAuts
     D:9: 868 daAuts
     D:3: 843 daAuts
     D:2: 744 daAuts
     D:8: 719 daAuts
  Temple: 188 daAuts
